Map: [ESL] Hard Lead

Players

Bly

  • Race: Zerg Zerg
  • Spawn Location: 11:00

Harstem - Winner!

  • Race: Protoss Protoss
  • Spawn Location: 5:00

Event: ESL SC2 Masters 2023 Winter (Regional)

VOD

Have the link to the VOD?

Description

Time

  • Played on: Nov. 11, 2023, 9:36 a.m.
  • Length: 14:36

All games in this series

Show
View Real Time Build Order
Export as new Build Order

Bly Zerg 

Build Orders: Pool First, Lurkers 

Get SALT Encoding   

  12  0:17  Spawning Pool  
  11  0:22  Drone  
  11  0:26  Drone  
  13  0:32  Drone  
  14  0:43  Overlord  
  14  1:08  Hatchery  
  14  1:09  Zergling x2  
  14  1:13  Zergling x2  
  14  1:16  Zergling x2  
  16  1:25  Drone  
  17  1:35  Drone  
  18  1:48  Drone  
  18  1:53  Hatchery  
  19  2:05  Drone  
  19  2:06  Drone  
  21  2:10  Extractor  
  21  2:11  Hatchery  
  19  2:17  Queen  
  21  2:28  Overlord  
  21  2:43  Drone  
  20  2:52  Drone x2  
  20  2:53  Queen  
  24  3:00  Drone  
  24  3:08  Drone x2  
  24  3:09  Queen  
  28  3:19  Drone, Metabolic Boost  
  30  3:24  Overlord  
  30  3:27  Drone x4  
  33  3:48  Hatchery  
  33  3:50  Zergling x4  
  33  3:51  Zergling x4  
  33  3:55  Drone  
  37  4:02  Drone x5  
  38  4:24  Drone x5  
  38  4:26  Spore Crawler  
  42  4:32  Drone, Spore Crawler  
  42  4:33  Drone x2  
  42  4:36  Lair  
  44  4:41  Overlord  
  40  4:56  Drone x3  
  40  4:57  Drone  
  44  5:06  Drone  
  53  5:07  Drone x9  
  53  5:11  Extractor  
  53  5:12  Extractor  
  53  5:13  Extractor  
  50  5:17  Overlord  
  50  5:30  Zergling x6  
  50  5:31  Zergling x2  
  50  5:32  Drone  
  55  5:41  Drone x5, Hydralisk Den  
  55  5:42  Spore Crawler  
  58  5:50  Overlord x3  
  58  5:51  Overlord  
  58  6:05  Overlord  
  57  6:12  Muscular Augments  
  57  6:13  Hydralisk x5  
  57  6:14  Hydralisk  
  67  6:36  Hydralisk x6  
  76  6:42  Zergling x10  
  81  6:54  Hydralisk  
  81  6:55  Hydralisk  
  85  7:08  Hydralisk  
  85  7:09  Zergling x18  
  96  7:16  Grooved Spines  
  96  7:29  Zergling x14  
  92  7:44  Zergling x18  
  92  7:45  Zergling x2  
  87  7:56  Hydralisk x4  
  83  8:04  Hydralisk x4  
  85  8:13  Hydralisk x3  
  91  8:27  Hydralisk x3  
  95  8:37  Overseer  
  95  8:41  Hydralisk x4  
  103  8:51  Extractor  
  101  9:03  Overlord x3  
  101  9:15  Lurker Den  
  100  9:18  Zergling x12  
  103  9:37  Hydralisk x10  
  112  9:54  Zergling x20  
  107  10:19  Lurker x5  
  107  10:20  Zergling x20  
  122  10:28  Overseer  
  117  10:57  Hydralisk x2  
  117  11:00  Overlord x2  
  97  11:14  Hydralisk x9  
  95  11:38  Hydralisk x4  
  103  11:48  Lurker x2  
  102  11:59  Drone x3  
  102  12:06  Lurker x4  
  106  12:12  Lurker  
  108  12:15  Zergling x12  
  110  12:37  Hydralisk x4  
  110  12:41  Drone x3  
  107  13:03  Lurker  
  107  13:04  Lurker x4  
  112  13:06  Drone x6  
  112  13:07  Drone  
  115  13:15  Overseer x2  
  92  13:31  Hydralisk x5  
  98  13:51  Drone x6  
  98  13:53  Drone x8  
  106  13:55  Extractor  
  105  14:03  Lurker x4  
  108  14:24  Hatchery  
Show
View Real Time Build Order
Export as new Build Order

Harstem Protoss - Winner!

Build Orders: Oracle Opening 

Get SALT Encoding   

  12  0:00  Probe  
  13  0:12  Probe  
  14  0:18  Pylon  
  14  0:24  Probe  
  15  0:36  Probe (Chrono Boost)  
  15  0:40  Gateway  
  16  0:46  Probe (Chrono Boost)  
  17  0:50  Assimilator  
  17  0:51  Probe (Chrono Boost)  
  18  1:03  Probe  
  19  1:16  Forge  
  19  1:18  Probe  
  19  1:25  Zealot (Chrono Boost)  
  20  1:29  Cybernetics Core  
  22  1:33  Pylon  
  22  1:51  Zealot (Chrono Boost)  
  22  1:52  Photon Cannon  
  24  1:55  Probe  
  24  2:15  Adept (Chrono Boost)  
  27  2:22  Nexus  
  26  2:26  Probe  
  27  2:38  Adept, Probe  
  27  2:53  Probe  
  27  2:55  Assimilator  
  28  3:02  Pylon  
  28  3:05  Probe  
  28  3:11  Stargate  
  29  3:17  Probe (Chrono Boost)  
  30  3:26  Warp Gate  
  31  3:27  Probe (Chrono Boost)  
  31  3:32  Probe (Chrono Boost)  
  33  3:34  Probe  
  33  3:43  Gateway  
  33  3:44  Probe  
  33  3:46  Probe  
  35  3:53  Oracle (Chrono Boost)  
  35  3:56  Probe  
  35  3:59  Probe  
  40  4:08  Probe  
  41  4:11  Probe  
  40  4:20  Oracle (Chrono Boost), Probe  
  40  4:23  Probe  
  43  4:32  Probe  
  43  4:35  Probe  
  45  4:39  Nexus  
  45  4:44  Probe  
  46  4:47  Probe  
  46  4:51  Twilight Council  
  47  4:56  Probe  
  47  4:57  Pylon  
  47  4:59  Probe  
  46  5:08  Gateway, Probe  
  46  5:10  Gateway  
  48  5:14  Stalker  
  48  5:16  Stalker  
  48  5:18  Probe  
  52  5:25  Blink (Chrono Boost), Pylon  
  52  5:28  Probe  
  52  5:31  Probe  
  52  5:34  Assimilator  
  54  5:39  Stalker  
  54  5:41  Stalker  
  59  5:42  Probe  
  59  5:46  Probe  
  60  5:51  Assimilator  
  60  5:53  Probe  
  60  5:55  Probe  
  62  5:58  Probe  
  63  6:04  Stalker x2  
  63  6:06  Probe  
  63  6:07  Probe  
  63  6:10  Pylon, Probe  
  70  6:14  Stalker  
  70  6:17  Stalker  
  74  6:24  Pylon  
  75  6:25  Probe  
  75  6:27  Probe  
  75  6:28  Stalker  
  75  6:29  Stalker  
  78  6:34  Protoss Ground Weapons Level 1 (Chrono Boost)  
  76  6:40  Probe  
  76  6:44  Stalker x2  
  76  6:45  Probe  
  76  6:46  Probe  
  83  6:48  Shield Battery  
  83  6:52  Probe  
  83  6:53  Stalker  
  86  6:57  Probe  
  86  6:58  Probe  
  88  7:01  Stalker  
  88  7:03  Shield Battery  
  88  7:07  Stalker  
  88  7:08  Shield Battery  
  92  7:09  Probe  
  93  7:15  Probe  
  93  7:17  Pylon  
  93  7:18  Stalker  
  93  7:21  Stalker  
  98  7:25  Shield Battery  
  98  7:27  Shield Battery  
  98  7:36  Stalker x2  
  96  7:37  Probe  
  95  7:45  Stalker x2  
  95  7:55  Probe  
  95  7:56  Probe  
  95  7:57  Assimilator  
  91  7:58  Assimilator  
  91  8:01  Stalker x2  
  93  8:06  Gateway  
  93  8:07  Gateway, Charge (Chrono Boost)  
  93  8:10  Gateway  
  93  8:12  Gateway  
  93  8:18  Probe x3  
  93  8:19  Nexus  
  96  8:24  Protoss Ground Weapons Level 2 (Chrono Boost)  
  96  8:25  Pylon  
  96  8:27  Sentry, Pylon  
  96  8:28  Zealot  
  100  8:35  Stalker x2  
  100  8:37  Probe x2  
  106  8:44  Probe, Phoenix  
  107  8:48  Photon Cannon  
  107  8:49  Probe x2  
  107  8:50  Zealot  
  111  8:56  Probe  
  111  8:57  Zealot  
  111  8:59  Pylon  
  111  9:01  Probe  
  115  9:04  Shield Battery, Probe  
  115  9:06  Robotics Facility, Zealot x2  
  119  9:12  Zealot x2  
  123  9:18  Pylon  
  123  9:19  Probe x2  
  123  9:22  Stalker  
  123  9:23  Stalker  
  123  9:30  Zealot  
  123  9:31  Zealot  
  125  9:34  Zealot  
  125  9:35  Zealot  
  125  9:38  Stalker  
  117  9:42  Zealot  
  114  9:46  Zealot x2  
  114  9:52  Zealot x2  
  118  9:55  Zealot x2  
  117  10:03  Zealot x2  
  115  10:08  Zealot x2  
  115  10:11  Templar Archives  
  113  10:17  Zealot x3  
  119  10:22  Sentry  
  119  10:23  Probe  
  119  10:25  Pylon  
  119  10:27  Observer (Chrono Boost)  
  124  10:33  Nexus  
  124  10:35  Shield Battery  
  121  10:46  Immortal (Chrono Boost)  
  125  10:50  High Templar x7  
  125  10:53  High Templar  
  125  10:54  Archon  
  141  10:58  Archon x2  
  141  11:00  Archon  
  116  11:16  Observer (Chrono Boost)  
  116  11:18  Probe  
  118  11:19  Protoss Ground Weapons Level 3 (Chrono Boost)  
  118  11:22  Zealot x5  
  128  11:28  Immortal (Chrono Boost)  
  128  11:30  Probe  
  131  11:37  Nexus  
  130  11:42  Stalker x5  
  140  12:00  Probe  
  141  12:02  Pylon  
  141  12:04  Pylon  
  141  12:14  Pylon  
  141  12:17  Immortal (Chrono Boost)  
  141  12:19  Pylon  
  141  12:20  Pylon x2, Probe  
  146  12:29  High Templar x4  
  154  12:30  High Templar x2  
  154  12:33  Archon x2  
  152  12:37  Photon Cannon  
  152  12:39  Archon  
  152  12:46  Immortal (Chrono Boost)  
  152  12:53  Zealot x2  
  148  13:03  Zealot x4  
  156  13:18  Zealot x4  
  156  13:19  Probe  
  147  13:21  Probe  
  147  13:23  Immortal (Chrono Boost)  
  147  13:24  High Templar x4  
  160  13:27  Observer  
  160  13:29  Archon  
  160  13:31  Probe  
  160  13:32  Archon, Probe  
  162  13:34  Assimilator  
  162  13:38  Assimilator, Photon Cannon  
  160  13:47  Zealot x3  
  160  13:48  Zealot  
  160  13:53  Immortal (Chrono Boost)  
  162  13:56  Probe  
  162  13:59  Robotics Facility  
  162  14:01  Zealot x2  
  162  14:02  Zealot x2  
  169  14:13  High Templar x2  
  169  14:16  High Templar x2  
  177  14:17  Archon  
  177  14:20  Nexus  
  177  14:22  Archon  
  157  14:34  Zealot x4  
Tags
 
Add a new tag
Caveats
  • Supply blocks, unpowered buildings, or Contaminate may cause inaccurate times.
  • Supply counts are checked every 10 seconds.